 Dungeon Crawl Stone Soup version 0.23.2-1-ga50397a (webtiles) character file.

Game seed: 11701082431665883511

3108 diana the Basher (level 9, -2/48 HPs)
             Began as a Vine Stalker Berserker on Apr 30, 2019.
             Was a High Priest of Trog.
             Slain by a porcupine (7 damage)
             ... on level 9 of the Dungeon.
             The game lasted 00:11:54 (7617 turns).

diana the Basher (Vine Stalker Berserker)           Turns: 7617, Time: 00:11:55

Health: -2/48      AC: 11    Str: 26    XL:     9   Next: 90%
Magic:  0/10       EV: 12    Int:  9    God:    Trog [*****.]
Gold:   435        SH:  6    Dex: 13    Spells: 8/8 levels left

rFire    . . .     SeeInvis .   e - +0 morningstar
rCold    . . .     Gourm    .   i - +0 buckler {AC+3}
rNeg     . . .     Faith    .   f - +0 scale mail
rPois    .         Spirit   +   j - +0 helmet
rElec    .         Reflect  +   (no cloak)
rCorr    .         Harm     .   (no gloves)
MR       ++...                  (no boots)
Stlth    ..........             B - +3 amulet of reflection
HPRegen  0.56/turn              x - ring of protection from magic
MPRegen  0.12/turn              (no ring)

@: no status effects
A: fangs 3, clever 1, regeneration 1, strong 1, magic shield, antimagic bite, no
potion heal 3, rot immunity
a: Berserk, Trog's Hand, Brothers in Arms, Renounce Religion


You were on level 9 of the Dungeon.
You worshipped Trog.
Trog was extremely pleased with you.
You were very hungry.

You visited 1 branch of the dungeon, and saw 9 of its levels.

You collected 531 gold pieces.
You spent 96 gold pieces at shops.

Inventory:

Hand Weapons
 e - a +0 morningstar (weapon)
 v - a +0 dire flail of crushing
Armour
 f - a +0 scale mail (worn)
 i - a +0 buckler of protection (worn)
 j - a +0 helmet (worn)
Jewellery
 q - an uncursed ring of stealth {unknown}
 x - a ring of protection from magic (left hand)
 B - a +3 amulet of reflection (around neck)
 E - a +5 ring of strength {unknown}
 F - a +3 ring of strength {unknown}
 G - an uncursed ring of magical power {unknown}
Wands
 a - a wand of paralysis (5)
 w - a wand of iceblast (11)
 A - a wand of flame (12)
Scrolls
 b - 3 scrolls of magic mapping
 d - 6 scrolls of teleportation
 h - 4 scrolls of identify
 n - 4 scrolls of remove curse
 s - 2 scrolls of noise {unknown}
 y - a scroll of holy word {unknown}
 z - a scroll of enchant weapon {unknown}
 C - a scroll of amnesia {unknown}
Potions
 g - 4 potions of heal wounds {unknown}
 k - 6 potions of curing
 l - 3 potions of might {unknown}
 m - a potion of resistance {unknown}
 o - a potion of mutation
 p - a potion of magic {unknown}
 r - 2 potions of brilliance {unknown}
 t - a potion of flight {unknown}
 u - 2 potions of lignification {unknown}
 D - a potion of degeneration {unknown}
Comestibles
 c - 18 rations


   Skills:
 - Level 6.0 Fighting
 * Level 8.7 Maces & Flails
 - Level 5.0 Armour
 - Level 5.0 Dodging


You had 8 spell levels left.
You didn't know any spells.
Your spell library was empty.

Dungeon Overview and Level Annotations

Branches:
Dungeon (9/15)             Temple (0/1) D:6             Orc (0/2) D:9
   Lair: D:8-11

Altars:
Ashenzari
Cheibriados
Hepliaklqana
Nemelex Xobeh
Qazlal
Wu Jian
Xom
The Shining One

Shops:
D:5 !   D:7 }


Innate Abilities, Weirdness & Mutations

You have razor-sharp teeth.
Your natural rate of healing is unusually fast.
When hurt, damage is shared between your health and your magic reserves.
Your bite disrupts and absorbs the magic of your enemies.
Potions cannot restore your health.
You are immune to rotting.
Your mind is acute. (Int +2)
Your muscles are strong. (Str +2)


Message History

You barely miss the porcupine. The porcupine misses you.
You closely miss the porcupine. Your bite misses the porcupine.
The porcupine bites you but does no damage.
You are struck by the porcupine's spines.
* * * LOW HITPOINT WARNING * * *
You miss the porcupine. You bite the porcupine. You drain its power.
You feel invigorated.
The porcupine is lightly wounded.
The porcupine completely misses you.
You are struck by the porcupine's spines.
* * * LOW HITPOINT WARNING * * *
You barely miss the porcupine.
The porcupine is lightly wounded.
The porcupine barely misses you. You block the porcupine's attack.
The porcupine bites you!
* * * LOW HITPOINT WARNING * * *
The porcupine bites you.
* * * LOW HITPOINT WARNING * * *
The porcupine bites you!
You die...

.###.........c.# ..
........######Y# #
###..>#.### #r#
#(......# #.#
#...#.#.####Y#
#.............Y#
......#.#.####.#
####......####r#
#.........@.#
.........#####
###.#.#..#####.#
..######.#.#........#
.....<...).....####.#
........)[.........
#.###.####.##...### #
#.# #........# ..#
#.........


You could see 3 yaks and 2 porcupines.

Vanquished Creatures
  Grinder (D:5)
  The ghost of Errno the Stinger, an amateur OpVM of Gozag (D:5)
  2 yaks (D:9)
  Edmund (D:6)
  A porcupine (D:9)
  An ice beast (D:5)
  A sky beast (D:6)
  A black bear (D:9)
  2 phantoms
  3 centaurs
  A bullfrog (D:6)
  A wyvern skeleton (D:7)
  4 scorpions
  2 howler monkeys (D:8)
  2 crimson imps
  3 hounds
  A quasit (D:8)
  An orc priest (D:4)
  A jelly (D:6)
  A bullfrog skeleton (D:7)
  3 iguanas
  6 orc wizards
  11 worker ants
  A killer bee zombie (D:6)
  3 gnolls (D:3)
  12 adders
  2 shadow imps (D:6)
  2 adder zombies
  3 adder skeletons
  2 worms
  3 dart slugs (D:2)
  3 leopard geckos
  29 orcs
  7 giant cockroaches
  8 hobgoblins
  13 jackals
  3 quokkas
  A ball python (D:6)
  10 bats
  6 frilled lizards
  A giant cockroach zombie (D:6)
  5 goblins
  7 kobolds
  A leopard gecko skeleton (D:5)
  5 rats
178 creatures vanquished.

Vanquished Creatures (others)
  5 fungi (D:9)
  3 plants (D:9)
  2 withered plants (D:5)
10 creatures vanquished.

Grand Total: 188 creatures vanquished

Notes
Turn   | Place    | Note
-------+----------+-------------------------------------------
     0 | D:1      | diana the Vine Stalker Berserker began the quest for the
                  | Orb.
     0 | D:1      | Reached XP level 1. HP: 11/11 MP: 2/2
   579 | D:1      | Reached XP level 2. HP: 16/16 MP: 3/3
   717 | D:1      | Reached skill level 3 in Maces & Flails
  1289 | D:1      | Reached XP level 3. HP: 18/19 MP: 2/4
  1383 | D:1      | Reached ** piety under Trog
  2141 | D:2      | Found a sparkling altar of Nemelex Xobeh.
  2153 | D:2      | Gained mutation: Your natural rate of healing is unusually
                  | fast. [Vine Stalker growth]
  2153 | D:2      | Reached XP level 4. HP: 18/24 MP: 5/5
  2301 | D:2      | Found a shimmering altar of Xom.
  2916 | D:2      | Found an ornate altar of the Wu Jian Council.
  3038 | D:3      | Found a hazy altar of Hepliaklqana.
  3223 | D:3      | Reached XP level 5. HP: 17/28 MP: 4/6
  3720 | D:4      | Reached skill level 4 in Maces & Flails
  3726 | D:4      | Found a stormy altar of Qazlal.
  3728 | D:4      | Noticed a fire elemental
  3728 | D:4      | Noticed a water elemental
  3728 | D:4      | Noticed an air elemental
  3761 | D:4      | Reached XP level 6. HP: 29/32 MP: 7/7
  4077 | D:4      | Noticed a phantom
  4114 | D:4      | Killed a phantom
  4114 | D:4      | Reached XP level 7. HP: 33/37 MP: 5/8
  4165 | D:4      | Reached *** piety under Trog
  4184 | D:4      | Reached skill level 5 in Maces & Flails
  4520 | D:5      | Entered Level 5 of the Dungeon
  4593 | D:5      | Found a runed translucent door.
  4594 | D:5      | Noticed Errno's ghost (amateur OpVM)
  4650 | D:5      | Found Tounoodo's Distillery.
  4661 | D:5      | Bought a potion of mutation for 96 gold pieces
  4661 | D:5      | Gained mutation: Your mind is acute. (Int +2) [potion of
                  | mutation]
  4661 | D:5      | Gained mutation: Your muscles are strong. (Str +2) [potion
                  | of mutation]
  4811 | D:5      | Noticed Grinder
  4842 | D:5      | Killed Grinder
  4842 | D:5      | Gained mutation: You have razor-sharp teeth. [Vine Stalker
                  | growth]
  4842 | D:5      | Reached XP level 8. HP: 42/42 MP: 9/9
  5430 | D:6      | Noticed Edmund
  5444 | D:6      | Killed Edmund
  5444 | D:6      | Reached skill level 6 in Maces & Flails
  5517 | D:6      | Reached skill level 5 in Fighting
  5571 | D:6      | Found a staircase to the Ecumenical Temple.
  5574 | D:6      | Reached **** piety under Trog
  5787 | D:6      | Reached XP level 9. HP: 27/47 MP: 8/10
  5865 | D:6      | Found a glowing golden altar of the Shining One.
  5875 | D:6      | Reached skill level 7 in Maces & Flails
  6014 | D:5      | Killed Errno's ghost
  6462 | D:7      | Found Luala's Gadget Shop.
  6963 | D:7      | Found a shattered altar of Ashenzari.
  7457 | D:8      | Found a snail-covered altar of Cheibriados.
  7538 | D:9      | Reached skill level 5 in Armour
  7559 | D:9      | Found a staircase to the Orcish Mines.
  7582 | D:9      | Reached skill level 8 in Maces & Flails
  7582 | D:9      | Reached skill level 5 in Dodging
  7600 | D:9      | Reached ***** piety under Trog
  7617 | D:9      | Slain by a porcupine

Skill      XL: |  1  2  3  4  5  6  7  8  9 |
---------------+----------------------------+-----
Maces & Flails | 3 4 5 6 8 |  8.7
Fighting       | 3 4 5 6 |  6.0
Armour         | 2 3 4 5 |  5.0
Dodging        | 2 3 4 5 |  5.0

Action                   |  1- 3 |  4- 6 |  7- 9 || total
-------------------------+-------+-------+-------++-------
Melee: Mace              |    41 |       |       ||    41
       Bite              |    30 |    84 |   156 ||   270
       Whip              |    71 |   238 |   320 ||   629
       Morningstar       |       |       |   160 ||   160
Invok: Berserk           |     1 |       |       ||     1
  Use: Potion            |     1 |       |     1 ||     2
       Scroll            |       |       |     7 ||     7
  Eat: Chunk             |     4 |     7 |    11 ||    22
Armor: Animal skin       |     8 |       |       ||     8
       Scale mail        |    40 |   104 |   234 ||   378
Dodge: Dodged            |    70 |   116 |   219 ||   405
Block: Buckler           |     6 |    31 |   115 ||   152
       Reflection        |       |       |     3 ||     3
